 Dungeon Crawl Stone Soup version 0.27-a0-577-ge2a43ba0c9 (webtiles) character file.

Game seed: 12486164148918042515

6356 HoaS the Grappler (level 10, 0/84 HPs)
             Began as a Demigod Gladiator on Mar 7, 2021.
             Slain by a yak (10 damage)
             ... on level 9 of the Dungeon on Mar 9, 2021.
             The game lasted 00:20:55 (11704 turns).

HoaS the Grappler (Demigod Gladiator)              Turns: 11704, Time: 00:20:56

Health: 0/84       AC: 16    Str: 23    XL:     10   Next: 38%
Magic:  13/13      EV: 10    Int: 10    God:
Gold:   473        SH:  0    Dex: 19    Spells: 9/9 levels left

rFire    . . .     SeeInvis +     - Unarmed
rCold    . . .     Faith    .   (no shield)
rNeg     . . .     Spirit   .   t - +0 plate armour
rPois    .         Reflect  .   b - +0 helmet
rElec    .         Harm     .   a - +0 cloak
rCorr    +         Rampage  .   v - +0 pair of gloves
Will     +....                  (no boots)
Stlth    ..........             (no amulet)
HPRegen  0.24/turn              e - ring of see invisible
MPRegen  0.13/turn              l - ring of resist corrosion

@: no status effects
A: high mp 1, forlorn
a: no special abilities


You were on level 9 of the Dungeon.
You visited 1 branch of the dungeon, and saw 9 of its levels.

You collected 473 gold pieces.

Inventory:

Missiles
 m - 9 boomerangs of dispersal
 q - 16 poisoned darts (quivered)
 w - 12 boomerangs
Armour
 a - a +0 cloak (worn)
 b - a +0 helmet (worn)
 t - a +0 plate armour (worn)
 v - a +0 pair of gloves (worn)
Jewellery
 e - a ring of see invisible (left hand)
 l - a ring of resist corrosion (right hand)
 r - a ring of ice
Wands
 p - a wand of flame (37)
 x - a wand of digging (6)
Scrolls
 f - a scroll of fog
 n - 3 scrolls of teleportation
 s - 2 scrolls of fear
Potions
 c - a potion of resistance
 h - a potion of ambrosia
 i - 3 potions of mutation
 j - 3 potions of invisibility
 u - 2 potions of flight


   Skills:
 + Level 6.6 Fighting
 - Level 1.7 Throwing
 + Level 6.6 Armour
 + Level 6.6 Dodging
 * Level 10.3 Unarmed Combat


You had 9 spell levels left.
You didn't know any spells.
Your spell library contained the following spells:

 Spells                   Type           Power      Damage    Failure   Level
 Animate Skeleton         Necr           0%         N/A       99%         1
 Pain                     Necr           0%         1d4       99%         1
 Vampiric Draining        Necr           0%         2d6       100%        3
 Animate Dead             Necr           0%         N/A       100%        4
 Agony                    Necr           0%         N/A       100%        5


Dungeon Overview and Level Annotations

Branches:
Dungeon (9/15)             Temple (0/1) D:7
   Lair: D:8-11         Orc: D:9-12

Shops:
D:4 *

Annotations:
D:4 2 runed translucent doors, kae's ghost, amateur HOFi


Innate Abilities, Weirdness & Mutations

Your attributes grow dramatically as you level up.
You have an increased reservoir of magic. (+10% MP)
You shall have no god before yourself.


Message History

You punch the yak!
The yak is severely wounded.
The yak closely misses you.
You barely miss the yak.
The yak is severely wounded.
The yak gores you!
* * * LOW HITPOINT WARNING * * *
You punch the yak!
The yak is almost dead.
You hit the yak but do no damage.
The yak is almost dead.
The yak misses you.
You hit the yak.
You kill the yak!
You hit the yak but do no damage. You hit the yak but do no damage.
The yak completely misses you.
You hit the yak.
The yak is lightly wounded.
The yak gores you but does no damage.
You completely miss the yak.
The yak is lightly wounded.
The yak gores you but does no damage.
You barely miss the yak.
The yak is lightly wounded.
The yak gores you.
* * * LOW HITPOINT WARNING * * *
You punch the yak!
The yak is heavily wounded.
You barely miss the yak. You punch the yak.
The yak is heavily wounded.
The yak gores you.
* * * LOW HITPOINT WARNING * * *
You punch the yak!
The yak is severely wounded.
The yak barely misses you.
Okay, then.
You hit the yak.
The yak is almost dead.
The yak gores you!
You die...

..# .[ .? '# ##.# #Y.
#Y# #@# #####'##
######+### #......#
#........#
+......#####........#
#......#..)'.)......#
#......'.###>)......#
#......### #........#
######## #........#
#........#


You could see 2 yaks.

Vanquished Creatures
  A cyclops (D:8)
  Maggie (D:6)
  8 yaks (D:9)
  10 soldier ants (D:9)
  9 orc warriors
  A sky beast (D:4)
  3 ice beasts
  A necrophage (D:7)
  4 ogres
  2 centaurs
  A bullfrog (D:6)
  2 scorpions
  3 water moccasin skeletons
  A wyvern skeleton (D:8)
  An electric eel (D:8)
  2 howler monkeys
  Crazy Yiuf (D:2)
  4 hounds
  2 orc priests
  A bullfrog skeleton (D:8)
  A centaur skeleton (D:4)
  9 orc wizards
  17 worker ants
  A hound skeleton (D:5)
  7 adders
  3 shadow imps
  3 white imps
  2 ufetubi
  An ooze (D:1)
  An adder zombie (D:6)
  2 worms
  2 dart slugs
  4 leopard geckos
  41 orcs
  A ball python (D:1)
  7 bats
  7 giant cockroaches
  5 hobgoblins
  13 jackals
  4 quokkas
  4 frilled lizards
  7 goblins
  11 kobolds
  A leopard gecko skeleton (D:6)
  A leopard gecko zombie (D:8)
  10 rats
223 creatures vanquished.

Notes
Turn   | Place    | Note
-------+----------+-------------------------------------------
     0 | D:1      | HoaS the Demigod Gladiator began the quest for the Orb.
     0 | D:1      | Reached XP level 1. HP: 17/17 MP: 3/3
   303 | D:1      | Reached skill level 3 in Unarmed Combat
   572 | D:1      | Reached XP level 2. HP: 13/24 MP: 4/4
  1314 | D:2      | Reached XP level 3. HP: 22/29 MP: 5/5
  1411 | D:2      | Reached skill level 4 in Unarmed Combat
  2265 | D:2      | Found a runed translucent door.
  2266 | D:2      | Noticed Crazy Yiuf
  2519 | D:2      | Killed Crazy Yiuf
  2520 | D:2      | Reached XP level 4. HP: 19/36 MP: 6/6
  2889 | D:3      | Upgraded the game from 0.27-a0-550-ge92ec0ca06 to
                  | 0.27-a0-577-ge2a43ba0c9
  2936 | D:3      | Reached skill level 5 in Unarmed Combat
  3697 | D:4      | Found Diboys's General Store.
  3725 | D:4      | Found a large runed translucent door.
  3726 | D:4      | Found a large runed translucent door.
  3970 | D:4      | Reached XP level 5. HP: 35/41 MP: 7/7
  4059 | D:4      | Noticed kae's ghost (amateur HOFi)
  4236 | D:4      | Reached skill level 6 in Unarmed Combat
  4286 | D:4      | Reached skill level 1 in Armour
  4286 | D:4      | Reached XP level 6. HP: 7/48 MP: 8/8
  4810 | D:5      | Entered Level 5 of the Dungeon
  5209 | D:5      | Reached XP level 7. HP: 26/57 MP: 9/9
  6408 | D:6      | Noticed Maggie
  6425 | D:6      | Killed Maggie
  6426 | D:6      | Reached skill level 7 in Unarmed Combat
  6426 | D:6      | Reached XP level 8. HP: 39/66 MP: 10/10
  7746 | D:7      | Reached skill level 8 in Unarmed Combat
  8529 | D:7      | Found a staircase to the Ecumenical Temple.
  8648 | D:8      | Noticed a cyclops
  8654 | D:8      | Killed a cyclops
  8655 | D:8      | Reached skill level 5 in Fighting
  8655 | D:8      | Reached skill level 5 in Armour
  8655 | D:8      | Reached skill level 5 in Dodging
  8655 | D:8      | Reached XP level 9. HP: 74/74 MP: 11/11
  9703 | D:8      | Reached skill level 9 in Unarmed Combat
 11241 | D:9      | Reached XP level 10. HP: 83/83 MP: 13/13
 11276 | D:9      | Noticed a queen ant
 11640 | D:9      | Reached skill level 10 in Unarmed Combat
 11704 | D:9      | Slain by a yak

Illustrated notes

Levels and vault maps discovered:
D:1:      erik_arrival_triangle_small, layout_basic, grunt_decor_clamped
D:2:      minmay_alternating_diamond, layout_loops_ring,
          nicolae_overflow_crystal_walls, uniq_crazy_yiuf_cottage
D:3:      layout_loops_corners, general_overflow_altar
D:4:      layout_basic, ebering_ghost_disaster_area, serial_shops,
          nicolae_shop_stone
D:5:      layout_rooms, nicolae_vehumet_altar_sigil, minmay_misc_feat_doors
D:6:      layout_loops_ring, lemuel_blue_sif_altar, uniq_maggie
D:7:      layout_loops_ring, kennysheep_mini_moat,
          gammafunk_temple_overflow_elements, minmay_temple_entry_nine_rooms,
          corexii_leaking_fountain, st_stairs_12, hangedman_decor_riveting
D:8:      layout_basic, special_room [special_room_orc],
          nemelex_spade_bored_becter
D:9:      layout_roguey, minivault_4, zaba_anthell

Skill      XL: |  1  2  3  4  5  6  7  8  9 10 |
---------------+-------------------------------+-----
Unarmed Combat | 3 4 5 6 7 8 9 10 | 10.3
Fighting       | 2 3 4 5 6 |  6.6
Armour         | 1 3 4 5 6 |  6.6
Dodging        | 3 4 5 6 |  6.6
Throwing       | |  1.7

Action                   |  1- 3 |  4- 6 |  7- 9 | 10-12 || total
-------------------------+-------+-------+-------+-------++-------
Melee: Unarmed           |   194 |   227 |   541 |   156 ||  1118
       Punch             |     5 |     6 |    42 |    14 ||    67
Throw: Throwing net      |       |     1 |     4 |       ||     5
Evoke: Wand              |       |       |     4 |       ||     4
  Use: Scroll            |     5 |     5 |     6 |     1 ||    17
       Potion            |     1 |       |     4 |     5 ||    10
 Stab: Sleeping          |     1 |       |       |       ||     1
       Held in net/web   |       |       |     2 |       ||     2
Armor: Leather armour    |    50 |       |       |       ||    50
       Scale mail        |     6 |     1 |       |       ||     7
       Chain mail        |       |   151 |    43 |       ||   194
       Plate armour      |       |       |    77 |    47 ||   124
       Swamp dragon scal |       |       |    49 |       ||    49
Dodge: Dodged            |   106 |   141 |   194 |    46 ||   487

Table legend: (Time is in decaauts)
 A = Elapsed time spent in this place.
 B = Non-inter-level travel time spent in this place.
 C = Inter-level travel time spent in this place.
 D = Time resting spent in this place.
 E = Time spent auto-exploring this place.
 F = Levels seen in this place.
 G = Mean time per level.
                   A        B        C        D        E       F      G
               +--------+--------+--------+--------+--------+-----+--------+
         Total |  11571 |  11322 |    249 |   4282 |   5155 |   9 | 1285.7 |
       Dungeon |  11571 |  11322 |    249 |   4282 |   5155 |   9 | 1285.7 |
               +--------+--------+--------+--------+--------+-----+--------+

Top non-repeatable levels by time:
     D:4: 1601 daAuts
     D:2: 1518 daAuts
     D:7: 1443 daAuts
     D:8: 1437 daAuts
     D:9: 1241 daAuts
     D:6: 1240 daAuts
     D:1: 1187 daAuts
     D:5: 1038 daAuts
     D:3: 863 daAuts
